 Dungeon Crawl Stone Soup version 0.28-a0-957-g42eb19b844 (webtiles) character file.

Game seed: 16818857167295543002

1074 mcbry74 the Cleaver (level 8, 0/64 HPs)
             Began as a Hill Orc Fighter on Nov 30, 2021.
             Was a Believer of Qazlal.
             Killed by divine providence
             ... invoked by an orc priest
              (16 damage)
             ... on level 4 of the Dungeon.
             The game lasted 00:14:34 (4982 turns).

mcbry74 the Cleaver (Hill Orc Fighter)              Turns: 4982, Time: 00:14:35

Health: 0/64       AC: 12    Str: 21    XL:     8   Next: 29%
Magic:  11/11      EV:  6    Int: 10    God:    Qazlal [**....]
Gold:   83         SH:  7    Dex: 10    Spells: 7/7 levels left

rFire   . . .      SeeInvis .   a - +0 war axe
rCold   . . .      Faith    .   c - +0 buckler
rNeg    . . .      Spirit   .   v - +0 plate armour
rPois   +          Reflect  .   (no helmet)
rElec   .          Harm     .   (no cloak)
rCorr   .          Rampage  .   (no gloves)
Will    +....                   (no boots)
Stlth   ..........              (no amulet)
HPRegen 0.20/turn               d - ring "Wyluzeno" {rPois Will+ Int+2 Stlth+}
MPRegen 0.12/turn               (no ring)

@: no status effects
A: no striking features
a: Renounce Religion, Convert to Beogh, Upheaval


You were on level 4 of the Dungeon.
You worshipped Qazlal.
Qazlal was pleased with you.
You visited 2 branches of the dungeon, and saw 6 of its levels.
You also visited: Ossuary.

You collected 229 gold pieces.
You spent 146 gold pieces at shops.

Inventory:

Hand Weapons
 a - a +0 war axe (weapon)
 e - a +2 whip of electrocution
 g - a +3 vorpal mace
Armour
 b - a +0 scale mail
 c - a +0 buckler (worn)
 k - a +0 chain mail
 v - a +0 plate armour (worn)
Jewellery
 d - the ring "Wyluzeno" (left hand) {rPois Will+ Int+2 Stlth+}
   (You found it on level 4 of the Dungeon)

   [ring of poison resistance]

   Int:       It affects your intelligence (+2).
   rPois:     It protects you from poison.
   Will:      It increases your willpower.
   Stlth:     It makes you more stealthy.
Wands
 l - a wand of flame (23)
 w - a wand of polymorph (4)
Scrolls
 f - a scroll of fog {unknown}
 p - a scroll of blinking {unknown}
 q - 2 scrolls of immolation {unknown}
 r - a scroll of vulnerability {unknown}
 s - 3 scrolls of teleportation
 t - a scroll of silence {unknown}
 x - a scroll of acquirement {unknown}
 y - a scroll of holy word
 C - 2 scrolls of enchant armour {unknown}
 D - a scroll of enchant weapon {unknown}
 E - a scroll of amnesia {unknown}
Potions
 h - 3 potions of lignification
 i - 2 potions of brilliance
 j - 3 potions of might
 m - 4 potions of attraction
 n - a potion of magic {unknown}
 o - a potion of flight {unknown}
 z - 2 potions of ambrosia
 A - a potion of resistance {unknown}
 B - a potion of berserk rage {unknown}


   Skills:
 - Level 3.6 Fighting
 * Level 8.6(9.3) Axes
 + Level 4.2(6.2) Maces & Flails
 + Level 5.9 Armour
 - Level 3.2 Shields
 + Level 4.4 Invocations


You had 7 spell levels left.
You didn't know any spells.
Your spell library contained the following spells:

 Spells                   Type           Power      Damage    Failure   Level
 Slow                     Hex            0%         N/A       100%        1
 Confusing Touch          Hex            0%         N/A       100%        3
 Gell's Gravitas          Tloc           0%         N/A       100%        3
 Lesser Beckoning         Tloc           0%         N/A       100%        3
 Teleport Other           Tloc           0%         N/A       100%        3
 Yara's Violent Unravell  Hex/Tmut       0%         3d3       100%        5


Dungeon Overview and Level Annotations

Branches:
Dungeon (5/15)             Temple (1/1) D:4         Ossuary (visited)

Altars:
Elyvilon
Hepliaklqana
Kikubaaqudgha
Makhleb
Nemelex Xobeh
Okawaru
Qazlal
Ru
Sif Muna
Trog
Vehumet
Wu Jian
Yredelemnul
Zin

Shops:
D:4 *


Message History

The water moccasin is moderately wounded.
The water moccasin bites you.
You slash the water moccasin!
The water moccasin is severely wounded.
The orc priest shouts, "Join the one true god or die!"
You block the water moccasin's attack.
The orc priest calls down the wrath of Beogh upon you.
Beogh smites you!
The orc priest calls down the wrath of Beogh upon you.
Beogh smites you! The water moccasin bites you.
The orc priest mumbles some strange prayers to Beogh against you.
Beogh smites you!
* * * LOW HITPOINT WARNING * * *
You closely miss the water moccasin.
The water moccasin is severely wounded.
The water moccasin bites you.
* * * LOW HITPOINT WARNING * * *
You barely miss the orc priest.
The orc priest shouts, "Surrender to Beogh and we'll let you live!"
You hit the water moccasin. The water moccasin closely misses you.
You block the orc priest's attack. The water moccasin bites you.
* * * LOW HITPOINT WARNING * * *
The orc priest shouts, "Surrender to Beogh and we'll let you live!"
You slash the water moccasin!
You kill the water moccasin!
Qazlal accepts your kill.
You slash the orc priest!
The orc priest threatens, "By the altar or by the axe, you will meet Beogh!"
The orc priest hits you but does no damage.
You climb upwards.
There is a stone staircase leading down here.
You see here a sky beast corpse.
You barely miss the orc priest.
The orc priest is severely wounded.
The orc priest barely misses you.
Your plate armour prevents you from hitting the orc priest.
The orc priest is severely wounded.
The orc priest calls down the wrath of Beogh upon you.
Beogh smites you!
You die...

.######.###..#..........#.##.....
........#.......#..##......).##..
.#####..#.#..##.#..####.#.......#
.#####.......##.........#########
.##................#.#..#
.##.##.#...#####..##.#..#
.......#########........#
.......# #.....o°.#.##(##
##...#####.#####@##.##.## #.#.#
#.....# #........# #...#
#.....###.....##.# ###.#
#.......#'#..#.#.# #.#
#....<#.'_+...#..# ####.#
#.....###'###..#.# .....# #######
#...#.##.# .##### ##.......# .#
####.####


You could see an orc priest.

Vanquished Creatures
  A water moccasin (D:5)
  A sky beast (D:4)
  2 elf zombies (Ossuary)
  A scorpion (D:4)
  A water moccasin skeleton (D:2)
  A troll zombie (Ossuary)
  2 centaur zombies (Ossuary)
  An orc priest (D:3)
  A hound (D:3)
  A bullfrog skeleton (D:5)
  Terence (D:3)
  Natasha (thrice) (D:3)
  2 ogre zombies (Ossuary)
  7 mummies (Ossuary)
  A hound skeleton (D:2)
  6 adders
  5 adder zombies (Ossuary)
  A worm (D:3)
  5 dart slugs
  4 orcs
  7 endoplasms
  3 giant cockroaches
  A gnoll zombie (Ossuary)
  5 goblins
  5 hobgoblins
  7 ball pythons
  7 bats
  5 frilled lizards
  A goblin zombie (Ossuary)
  3 hobgoblin zombies (Ossuary)
  14 kobolds
  7 kobold zombies (Ossuary)
  2 quokka zombies (Ossuary)
  4 rats
  4 rat zombies (Ossuary)
122 creatures vanquished.

Notes
Turn   | Place    | Note
-------+----------+-------------------------------------------
     0 | D:1      | mcbry74 the Hill Orc Fighter began the quest for the Orb.
     0 | D:1      | Reached XP level 1. HP: 19/19 MP: 1/1
    34 | D:1      | Reached skill level 3 in Axes
    65 | D:1      | Reached XP level 2. HP: 26/26 MP: 2/2
   332 | D:1      | Reached skill level 4 in Axes
   377 | D:1      | Reached XP level 3. HP: 31/31 MP: 3/3
   887 | D:4      | Noticed a scorpion
   892 | D:4      | Killed a scorpion
   893 | D:4      | Reached skill level 5 in Axes
   893 | D:4      | Reached skill level 1 in Maces & Flails
   893 | D:4      | Reached XP level 4. HP: 9/39 MP: 4/4
  1203 | D:4      | Identified the ring "Wyluzeno" {rPois Will+ Int+2 Stlth+}
  1324 | D:4      | Found a staircase to the Ecumenical Temple.
  1337 | Temple   | Entered the Ecumenical Temple
  1389 | Temple   | Became a worshipper of Qazlal Stormbringer
  1562 | D:1      | Reached XP level 5. HP: 42/45 MP: 5/5
  2068 | D:2      | Found a faded altar of an unknown god.
  2195 | D:2      | Found a bloodstained altar of Trog.
  2301 | D:2      | Reached skill level 1 in Invocations
  2503 | D:3      | Reached skill level 6 in Axes
  2536 | D:3      | Reached XP level 6. HP: 51/51 MP: 5/7
  2680 | D:3      | Noticed Terence
  2688 | D:3      | Killed Terence
  2852 | D:3      | Reached * piety under Qazlal
  2926 | D:3      | Noticed Natasha
  2931 | D:3      | Killed Natasha
  2975 | D:3      | Found a radiant altar of Vehumet.
  3097 | D:3      | Noticed Natasha
  3103 | D:3      | Killed Natasha
  3236 | D:3      | Noticed Natasha
  3249 | D:3      | Killed Natasha
  3261 | D:3      | Reached skill level 5 in Armour
  3626 | D:4      | Found Qisy's General Store.
  3628 | D:4      | Found Ettasis's Specific Store.
  3632 | D:4      | Bought a scroll of identify for 20 gold pieces
  3714 | D:4      | Bought a scroll of holy word for 90 gold pieces
  3714 | D:4      | Bought a scroll of teleportation for 36 gold pieces
  3802 | D:4      | Found a white marble altar of Elyvilon.
  3821 | D:5      | Entered Level 5 of the Dungeon
  3822 | D:5      | Found a sand-covered staircase.
  3835 | Ossuary  | Entered an ossuary
  3846 | Ossuary  | Reached XP level 7. HP: 28/57 MP: 8/8
  4049 | Ossuary  | Reached skill level 7 in Axes
  4665 | Ossuary  | Reached skill level 8 in Axes
  4708 | Ossuary  | Reached ** piety under Qazlal
  4842 | Ossuary  | Reached XP level 8. HP: 64/64 MP: 10/10
  4982 | D:4      | Killed from afar by an orc priest

Illustrated notes

Levels and vault maps discovered:
D:1:      onia_arrival_pyramid, layout_loops_ring, minmay_tiny_reverse_x
D:2:      layout_basic, basic_ecumenical_altar, basic_altar,
          hangedman_decor_clover_reticule
D:3:      layout_loops_corners, mainiacjoe_overflow_small_starburst,
          kennysheep_generic_room_2, uniq_natasha, uniq_terence
D:4:      layout_loops_cross, kennysheep_mini, minmay_temple_entry_ruins,
          nicolae_specific_store
D:5:      layout_cave_pods, lemuel_doored_altar, serial_shops,
          nicolae_shop_crystal, enter_ossuary_3, serial_rivers,
          chequers_serial_rivers_micro_d, chequers_serial_rivers_small_b,
          chequers_serial_rivers_micro_e, chequers_serial_rivers_micro_a,
          chequers_serial_rivers_micro_a, minmay_holes
Temple:   nicolae_temple_x_marks_the_god

Skill      XL: |  1  2  3  4  5  6  7  8 |
---------------+-------------------------+-----
Axes           | 3 4 5 6 8 |  8.6
Maces & Flails | 1 2 3 4 |  4.2
Armour         | 4 5 |  5.9
Invocations    | 1 2 3 4 |  4.4
Fighting       | |  3.6
Shields        | |  3.2

Action                   |  1- 3 |  4- 6 |  7- 9 || total
-------------------------+-------+-------+-------++-------
Melee: War axe           |    48 |       |    97 ||   145
       Mace              |    24 |   165 |    50 ||   239
       Whip              |     8 |       |       ||     8
  Use: Potion            |     1 |       |     3 ||     4
       Scroll            |       |     3 |     2 ||     5
Armor: Scale mail        |    37 |     8 |       ||    45
       Chain mail        |       |    45 |       ||    45
       Plate armour      |       |    35 |    77 ||   112
Dodge: Dodged            |    46 |    57 |    43 ||   146
Block: Buckler           |    21 |    40 |    38 ||    99

Table legend: (Time is in decaauts)
 A = Elapsed time spent in this place.
 B = Non-inter-level travel time spent in this place.
 C = Inter-level travel time spent in this place.
 D = Time resting spent in this place.
 E = Time spent auto-exploring this place.
 F = Levels seen in this place.
 G = Mean time per level.
                   A        B        C        D        E       F      G
               +--------+--------+--------+--------+--------+-----+--------+
         Total |   5060 |   4887 |    173 |    702 |   2969 |   7 |  722.9 |
       Dungeon |   3946 |   3773 |    173 |    356 |   2539 |   5 |  789.2 |
        Temple |     56 |     56 |      0 |      0 |      0 |   1 |   56.0 |
       Ossuary |   1057 |   1057 |      0 |    346 |    430 |   1 | 1057.0 |
               +--------+--------+--------+--------+--------+-----+--------+

Top non-repeatable levels by time:
     D:3: 1065 daAuts
 Ossuary: 1057 daAuts
     D:4: 1030 daAuts
     D:2: 964 daAuts
     D:1: 812 daAuts
     D:5: 73 daAuts
  Temple: 56 daAuts
